 Dungeon Crawl Stone Soup version 0.18.1-48-g4cf74bf (webtiles) character file.

6166 Skwishie the Gouger (level 10, -12/51 HPs)
             Began as a Felid Monk on Sept 6, 2016.
             Was a Believer of Ru.
             Mangled by a komodo dragon (32 damage)
             ... on level 4 of the Lair of Beasts on Sept 7, 2016.
             The game lasted 01:28:27 (21500 turns).

Skwishie the Gouger (Felid Monk)                   Turns: 21500, Time: 01:28:28

Health: -12/51     AC:  2    Str:  7    XL:     10   Next: 60%
Magic:  13/13      EV: 28    Int: 12    God:    Ru [**....]
Gold:   520        SH:  0    Dex: 22    Spells: 1 memorised, 10 levels left
                                        Lives:  0   Deaths: 3

rFire  . . .     SeeInvis +       - Unarmed
rCold  + . .     Gourm    .     (armour unavailable)
rNeg   . . .     Faith    .     (shield unavailable)
rPois  .         Spirit   .     (helmet unavailable)
rElec  .         Dismiss  .     (cloak unavailable)
rCorr  .         Reflect  .     (gloves unavailable)
SustAt .         Harm     .     (boots unavailable)
MR     +....                    (no amulet)
Stlth  +++++.....               q - ring of protection from cold
                                e - +3 ring of evasion

@: repel missiles, quick, somewhat resistant to hostile enchantments, quite
stealthy
A: no armour, no weapons or thrown items, claws 1, fangs 3, see invisible,
carnivore 3, speed 1, shaggy fur 2, slow metabolism 1, unskilled 1,
inexperienced 1, sharp paws
a: Renounce Religion


You were on level 4 of the Lair of Beasts.
You worshipped Ru.
Ru was pleased with you.
You were not hungry.

You visited 3 branches of the dungeon, and saw 15 of its levels.
You also visited: Ossuary and Volcano.

You collected 800 gold pieces.
You spent 280 gold pieces at shops.

Inventory:

Jewellery
 e - a +3 ring of evasion (left paw)
 q - a ring of protection from cold (right paw)
 A - an uncursed ring of positive energy
 L - an uncursed ring of magical power
Wands
 r - a wand of digging (17/24)
 u - a wand of acid (1/15)
 y - a wand of iceblast (5/15)
 z - a wand of iceblast (9/15)
 B - a wand of slowing (9/48)
 J - a wand of disintegration (10/24)
 K - a wand of iceblast (13/15)
Scrolls
 d - 8 scrolls of remove curse
 h - 2 scrolls of noise
 s - a scroll of teleportation
 v - a scroll of fog
 w - a scroll of magic mapping
 F - a scroll of identify
Potions
 b - 3 potions of curing
 c - a potion of might
 g - a potion of magic
 j - 3 potions of lignification
 k - 3 potions of flight
 l - a potion of degeneration {unknown}
 m - a potion of cure mutation {unknown}
 n - 2 potions of agility
 o - a potion of berserk rage
 p - 3 potions of mutation
 t - 4 potions of heal wounds
 x - a potion of experience {unknown}
 C - 3 potions of brilliance {unknown}
 D - a potion of invisibility
 G - a potion of resistance
 H - a potion of haste {unknown}
Books
 E - a book of Minor Magic

   Spells                             Type                      Level
   a - Magic Dart                     Conjuration                  1
   b - Blink                          Translocation                2
   c - Call Imp                       Summoning                    2
   d - Repel Missiles                 Charms/Air                   2
   e - Slow                           Hexes                        2
   f - Conjure Flame                  Conjuration/Fire             3
   g - Mephitic Cloud                 Conjuration/Poison/Air       3
Miscellaneous
 I - a phial of floods
Comestibles
 a - 8 meat rations
 f - 4 beef jerkies
 i - 4 slices of pizza


   Skills:
 - Level 10.0 Fighting
 + Level 7.5 Dodging
 + Level 7.1 Stealth
 * Level 11.5 Unarmed Combat
 - Level 1.9 Spellcasting
 - Level 7.0 Charms
 - Level 2.2 Air Magic


You had 10 spell levels left.
You knew the following spells:

 Your Spells              Type           Power        Failure   Level  Hunger
a - Repel Missiles        Chrm/Air       ##....       8%          2    ###....


Dungeon Overview and Level Annotations

Branches:
Dungeon (10/15)            Temple (1/1) D:4            Lair (4/8) D:10
 Shoals (0/4) Lair:3       Spider (0/4) Lair:3          Orc (0/2) D:10

Altars:
Ashenzari
Cheibriados
Dithmenos
Elyvilon
Fedhas
Gozag
Kikubaaqudgha
Makhleb
Nemelex Xobeh
Okawaru
Pakellas
Qazlal
Ru
Sif Muna
Trog
Vehumet
Xom
Yredelemnul
Zin
The Shining One

Shops:
D:8 [   D:9 :

Annotations:
D:7 dvd's ghost, novice DDFi


Innate Abilities, Weirdness & Mutations

You cannot wear armour.
You are incapable of wielding weapons or throwing items.
You have sharp claws.
You have razor-sharp teeth.
You have supernaturally acute eyesight.
You are carnivorous and can eat meat at any time.
You cover ground quickly.
You are covered in thick fur (AC +2).
You have a slow metabolism.
You are somewhat unskilled (-1 Apt).
You are somewhat inexperienced (-2 XL).
Your sharp claws are effective at attacking unaware monsters.


Message History

There is an open door here.
There is an open door here.
You see here a glaive.
There is an open door here.
A komodo dragon comes into view.
The komodo dragon hisses angrily.
You scratch the komodo dragon.
The komodo dragon is lightly wounded.
The komodo dragon bites you!!
Ouch! That really hurt!
You scratch the komodo dragon.
The komodo dragon is lightly wounded.
The komodo dragon completely misses you.
You scratch the komodo dragon but do no damage.
The komodo dragon is lightly wounded.
You scratch the komodo dragon but do no damage.
The komodo dragon is lightly wounded.
The komodo dragon bites you!!
Ouch! That really hurt!
You die...

#..............###.......###.#
##........#P#### #..)....# ###
#.#####'#### ###..+### ###
#...# #.#.# ###.## ##..#
####...###### #..
#...........## ##.
#...........l# +# #
#..........@## .
###...........# #
#...........#.#
###.........#...
#.........##.#..
#P..##.###.### # #..<.### ##
##.#.# ##...


You could see a komodo dragon.

Vanquished Creatures
  A fire dragon (Volcano)
  The ghost of wraslar the Ducker, a novice DsWz (Lair:2)
  The ghost of curty the Covert, a novice NaEE of Okawaru (D:8)
  A black mamba (Lair:2)
  Joseph (D:9)
  2 spiny frogs (Lair:2)
  3 centaur skeletons (D:9)
  A rime drake (Lair:2)
  2 wyverns
  5 fire bats (Volcano)
  10 yaks (D:10)
  A hippogriff (Lair:2)
  A hungry ghost (D:9)
  2 basilisks (Lair:2)
  2 mottled dragons (Volcano)
  5 water moccasins
  3 hell hounds
  3 porcupines
  3 ice beasts
  2 black bears
  5 orc warriors
  2 sky beasts
  9 ogres
  A necrophage (D:10)
  5 centaurs
  6 crocodiles
  8 giant frogs
  A wyvern zombie (D:7)
  A scorpion (D:9)
  A howler monkey (D:6)
  3 giant frog zombies
  A wasp zombie (D:10)
  3 centaur zombies (Ossuary)
  8 crimson imps
  4 human zombies (Ossuary)
  3 jellies
  4 orc priests
  A gnoll shaman (D:7)
  9 hounds
  3 giant frog skeletons (D:6)
  An iguana (D:5)
  13 orc wizards
  Terence (D:2)
  8 worker ants
  A big kobold zombie (Ossuary)
  2 hound zombies
  4 mummies
  4 worker ant zombies
  10 adders
  7 gnolls
  A howler monkey skeleton (D:10)
  7 river rats (Lair:4)
  A shadow imp (D:6)
  An ooze (D:2)
  An adder zombie (D:6)
  An adder skeleton (D:6)
  2 worms (D:3)
  2 dart slugs
  3 giant geckos
  40 orcs
  9 bats
  4 giant cockroaches
  24 goblins
  6 hobgoblins
  4 jackals
  5 quokkas
  3 ball pythons
  4 giant newts
  2 gnoll zombies (Ossuary)
  2 goblin zombies (Ossuary)
  6 hobgoblin zombies (Ossuary)
  6 jackal zombies (Ossuary)
  6 kobolds
  A kobold zombie (Ossuary)
  An orc zombie (Ossuary)
  2 quokka zombies (Ossuary)
  7 rats
  6 rat zombies (Ossuary)
  A fungus (Lair:2)
337 creatures vanquished.

Vanquished Creatures (collateral kills)
  A worker ant (Lair:3)
1 creature vanquished.

Vanquished Creatures (others)
  5 fungi
5 creatures vanquished.

Grand Total: 343 creatures vanquished

Notes
Turn   | Place    | Note
--------------------------------------------------------------
     0 | D:1      | Skwishie the Felid Monk began the quest for the Orb.
     0 | D:1      | Reached XP level 1. HP: 10/10 MP: 2/2
   354 | D:1      | Reached XP level 2. HP: 14/14 MP: 3/3
  1181 | D:1      | Reached skill level 5 in Unarmed Combat
  1181 | D:1      | Reached XP level 3. HP: 17/17 MP: 4/4
  1896 | D:2      | Noticed Terence
  1906 | D:2      | Killed Terence
  1906 | D:2      | Reached XP level 4. HP: 18/21 MP: 5/5
  1979 | D:2      | Reached skill level 6 in Unarmed Combat
  2863 | D:3      | Reached XP level 5. HP: 24/24 MP: 6/6
  3247 | D:3      | Found a shadowy altar of Dithmenos.
  3358 | D:3      | Found a faded altar to an unknown god.
  3719 | D:4      | Reached skill level 7 in Unarmed Combat
  3726 | D:3      | Killed from afar by an orc wizard
  3727 | D:3      | Reached XP level 4. HP: -3/21 MP: 5/5
  3756 | D:3      | Reached XP level 5. HP: 16/24 MP: 6/6
  4173 | D:4      | Found a sparkling altar of Nemelex Xobeh.
  4627 | D:4      | Found a staircase to the Ecumenical Temple.
  4645 | Temple   | Entered the Ecumenical Temple
  4680 | Temple   | Became a worshipper of Ru the Awakened
  4708 | Temple   | Gained mutation: You are somewhat unskilled (-1 Apt). [Ru sacrifice]
  4708 | Temple   | Reached * piety under Ru
  5019 | D:5      | Entered Level 5 of the Dungeon
  5025 | D:5      | Gained mutation: You are covered in thick fur (AC +2). [Felid growth]
  5025 | D:5      | Reached XP level 6. HP: 27/27 MP: 7/7
  5757 | D:5      | Reached skill level 8 in Unarmed Combat
  5829 | D:5      | Reached XP level 7. HP: 10/30 MP: 8/8
  6289 | D:5      | Reached skill level 9 in Unarmed Combat
  6733 | D:6      | Reached XP level 8. HP: 34/34 MP: 9/9
  6999 | D:6      | Reached skill level 10 in Unarmed Combat
  7162 | D:6      | Shot with an arrow by a centaur
  7163 | D:6      | Reached XP level 7. HP: 0/30 MP: 8/8
  7580 | D:6      | HP: 1/30 [ogre/giant club (29)]
  8263 | D:7      | Reached skill level 11 in Unarmed Combat
  8263 | D:7      | Reached XP level 8. HP: 19/34 MP: 9/9
  8446 | D:7      | Found a bloodstained altar of Trog.
  8448 | D:7      | Gained mutation: You are somewhat inexperienced (-2 XL). [Ru sacrifice]
  8448 | D:7      | Reached XP level 7. HP: 31/31 MP: 8/8
  8448 | D:7      | Reached XP level 6. HP: 28/28 MP: 7/7
  8448 | D:7      | Reached ** piety under Ru
  8590 | D:7      | Noticed dvd's ghost (novice DDFi)
  8686 | D:7      | Found a sand-covered staircase.
  8700 | Ossuary  | Entered an ossuary
  9212 | Ossuary  | Reached XP level 7. HP: 19/31 MP: 8/8
 10516 | D:6      | Reached skill level 5 in Fighting
 10875 | D:7      | Reached XP level 8. HP: 16/37 MP: 9/9
 11468 | D:8      | Found Reacluwn's Armour Boutique.
 11981 | D:8      | Noticed curty's ghost (novice NaEE)
 12010 | D:8      | Killed curty's ghost
 12010 | D:8      | Reached XP level 9. HP: 17/44 MP: 10/10
 12535 | D:9      | Noticed Joseph
 12546 | D:9      | Killed Joseph
 14417 | D:9      | Reached XP level 10. HP: 51/51 MP: 11/11
 14464 | D:9      | Reached skill level 10 in Fighting
 14681 | D:9      | Found Emocw's Book Emporium.
 14684 | D:9      | Bought a book of Minor Magic for 280 gold pieces
 14687 | D:9      | Learned a level 2 spell: Repel Missiles
 14718 | D:9      | Reached skill level 1 in Charms
 14986 | D:9      | Reached skill level 5 in Stealth
 15130 | D:10     | Entered Level 10 of the Dungeon
 15808 | D:10     | Found a staircase to the Lair.
 16323 | D:10     | Reached skill level 5 in Charms
 16947 | D:10     | Reached skill level 1 in Air Magic
 17036 | D:10     | Reached skill level 1 in Spellcasting
 17064 | D:10     | Found a staircase to the Orcish Mines.
 17341 | Lair:1   | Entered Level 1 of the Lair of Beasts
 17341 | Lair:1   | Noticed an eight-headed hydra
 17638 | Lair:1   | Noticed a centaur warrior
 17949 | Lair:2   | Noticed a black mamba
 17957 | Lair:2   | Killed a black mamba
 17986 | Lair:2   | HP: 2/51 [poisoned by a black mamba]
 17994 | Lair:2   | HP: 2/51 [poisoned by a black mamba]
 18187 | Lair:2   | Noticed wraslar's ghost (novice DsWz)
 18409 | Lair:2   | Noticed a spiny frog
 18496 | Lair:2   | Noticed a spiny frog
 18540 | Lair:2   | Reached XP level 11. HP: 52/54 MP: 13/13
 18718 | Lair:2   | Reached skill level 5 in Dodging
 19300 | Lair:2   | Killed wraslar's ghost
 20173 | Lair:3   | Found a dark tunnel.
 20181 | Volcano  | Entered a volcano
 20758 | Volcano  | Noticed a fire dragon
 20808 | Volcano  | Killed a fire dragon
 21110 | Lair:3   | Noticed a griffon
 21115 | Lair:3   | Noticed a queen ant
 21168 | Lair:4   | HP: 1/54 [queen ant (8)]
 21172 | Lair:4   | Succumbed to a queen ant's poison
 21173 | Lair:4   | Reached XP level 10. HP: -1/76 MP: 13/13
 21460 | Lair:4   | Noticed a catoblepas
 21463 | Lair:4   | Noticed a six-headed hydra
 21500 | Lair:4   | Mangled by a komodo dragon

Skill      XL: |  1  2  3  4  5  6  7  8  9 10 11 |
---------------+----------------------------------+-----
Unarmed Combat | 5 6 7 8 11 10 | 11.5
Fighting       | 2 5 7 9 10 | 10.0
Dodging        | 3 4 7 |  7.5
Stealth        | 4 3 7 |  7.1
Charms         | 6 7 |  7.0
Air Magic      | 1 2 |  2.2
Spellcasting   | 1 |  1.9

Action                   |  1- 3 |  4- 6 |  7- 9 | 10-12 || total
-------------------------+-------+-------+-------+-------++-------
Melee: Unarmed           |    83 |   279 |   465 |   450 ||  1277
       Bite              |     4 |    27 |    56 |    62 ||   149
       Punch             |     1 |     7 |    24 |    25 ||    57
 Cast: Repel Missiles    |       |       |       |     2 ||     2
Invok: Sacrifice Skill   |       |     1 |       |       ||     1
       Sacrifice Experie |       |     1 |       |       ||     1
       Reject Sacrifices |       |       |     1 |     1 ||     2
Evoke: Wand              |       |       |       |     2 ||     2
  Use: Scroll            |       |     8 |     6 |     8 ||    22
       Potion            |       |       |     4 |     4 ||     8
 Stab: Sleeping          |    13 |    13 |    16 |     8 ||    50
       Distracted        |       |       |     6 |     8 ||    14
       Invisible         |       |       |     1 |     2 ||     3
  Eat: Chunk             |     8 |    14 |    23 |    18 ||    63
Armor: Skin              |     3 |     7 |     6 |    10 ||    26
Dodge: Dodged            |    49 |   148 |   287 |   302 ||   786
       Deflected         |       |       |       |     1 ||     1
